 Dungeon Crawl Stone Soup version 0.17.0-28-g6e173f8 (webtiles) character file.

189 dohliylev the Covert (level 5, 0/39 HPs)
             Began as a Vampire Assassin on Nov 29, 2015.
             Slain by an orc warrior
             ... wielding a +0 battleaxe
              (9 damage)
             ... on level 3 of the Dungeon.
             The game lasted 00:10:16 (1810 turns).

dohliylev the Covert (Vampire Assassin)             Turns: 1810, Time: 00:10:16

Health: 0/39       AC:  3    Str: 10    XL:     5   Next: 40%
Magic:  5/5        EV: 12    Int: 13    God:
Gold:   177        SH:  4    Dex: 17    Spells: 0 memorised, 4 levels left

rFire  . . .     SeeInvis +     h - +2 hand axe (freeze)
rCold  . . .     Clarity  .     c - +0 robe
rNeg   + . .     SustAt   .     u - +0 buckler
rPois  .         Gourm    .     (no helmet)
rElec  .         Spirit   .     k - +0 cloak
rCorr  .         Warding  +     (no gloves)
rMut   .         Stasis   .     (no boots)
MR     .....                    z - amulet of warding
Stlth  +++++.....               (no ring)
                                p - +2 ring of slaying

@: regenerating quickly, not resistant to hostile enchantments, quite stealthy
A: fangs 3, see invisible, unbreathing
a: no special abilities


You were on level 3 of the Dungeon.
You were full.

You visited 1 branch of the dungeon, and saw 3 of its levels.

You collected 177 gold pieces.

Inventory:

Hand Weapons
 a - a +2 dagger
 b - a +0 blowgun
 h - a +2 hand axe of freezing (weapon)
Missiles
 e - 15 poisoned needles
 f - 2 curare-tipped needles
Armour
 c - a +0 robe (worn)
 k - a +0 cloak (worn)
 u - a +0 buckler (worn)
Jewellery
 p - a +2 ring of slaying (left hand)
 z - an amulet of warding (around neck)
Scrolls
 d - 5 scrolls of identify {unknown}
 i - 2 scrolls of enchant weapon {unknown}
 l - 2 scrolls of random uselessness {unknown}
 n - 3 scrolls of remove curse {unknown}
 q - 2 scrolls of blinking {unknown}
 r - a scroll of teleportation {unknown}
 y - a scroll of fear {unknown}
Potions
 g - 19 potions of blood
 j - a potion of curing {unknown}
 m - a potion of heal wounds {unknown}
 o - a potion of resistance {unknown}
 s - a potion of degeneration {unknown}
 t - a potion of mutation {unknown}
 v - a potion of lignification {unknown}
 w - a potion of might {unknown}
 x - a potion of haste {unknown}


   Skills:
 + Level 2.3 Fighting
 + Level 2.5 Short Blades
 + Level 0.1 Axes
 + Level 1.7 Throwing
 + Level 2.8 Dodging
 * Level 8.6 Stealth


You had 4 spell levels left.
You didn't know any spells.

Dungeon Overview and Level Annotations

Branches:
Dungeon (3/15)

Altars:


Innate Abilities, Weirdness & Mutations

Your natural rate of healing is unusually fast.
You have razor-sharp teeth.
You have supernaturally acute eyesight.
You can survive without breathing.


Message History

Press: ? - help, Shift-Dir - straight line, f - orc warrior
Aim: an orc warrior, wielding a battleaxe and wearing a chain mail You shoot a poisoned needle.
The poisoned needle closely misses the orc warrior.
The poisoned needle closely misses the orc.
The orc warrior hits you with a battleaxe!
* * * LOW HITPOINT WARNING * * *
Firing (i - inventory. (,) - cycle):
e - 16 poisoned needles (quivered)
Press: ? - help, Shift-Dir - straight line, f/p - orc warrior
Aim: an orc warrior, wielding a battleaxe and wearing a chain mail You shoot a poisoned needle.
The poisoned needle barely misses the orc warrior.
The poisoned needle hits the orc!
The orc is poisoned.
The orc warrior barely misses you.
Wield which item (- for none, * to show all)? (? for menu, Esc to quit)
It glows with a cold blue light!
h - a +2 hand axe of freezing (weapon)
You hit the orc warrior but do no damage.
The orc warrior hits you with a battleaxe!
You die...

#.# .. #.# ####.# #.#
..##.# #.# #o.# #.##.#
#.# #.(# #.##.# #####.#
#..# #.##.##
#.....####### #).#
#.##..######♣..♣.........
#..######.##(.oo@..♣♣.
♣♣.###....
#..#..........####♣♣P ♣♣#
#.### #..#.#)##.##.## P
#.# #..#.#..P.##.# ♣ #.#
#.....P♣♣.P#.## P♣# #.#
##.<..♣♣♣♣♣P..#####♣♣
♣♣.###.### #.....♣
♣..P.......♣♣♣♣.........
#.P♣♣♣♣
♣P...###..##...#..######
##PZ ♣♣..........>.##..#


You could see an orc warrior and an orc.

Vanquished Creatures
  An orc wizard (D:3)
  An orc priest (D:3)
  5 adders (D:2)
  An ooze (D:1)
  3 worms
  3 giant geckos
  4 giant cockroaches
  7 hobgoblins
  8 jackals
  9 kobolds
  5 bats
  3 giant newts (D:1)
  13 goblins
  5 rats (D:1)
68 creatures vanquished.

Notes
Turn   | Place    | Note
--------------------------------------------------------------
     0 | D:1      | dohliylev the Vampire Assassin began the quest for the Orb.
     0 | D:1      | Reached XP level 1. HP: 16/16 MP: 1/1
    38 | D:1      | Reached skill level 6 in Stealth
    67 | D:1      | Reached XP level 2. HP: 6/22 MP: 2/2
   253 | D:1      | Reached skill level 7 in Stealth
   253 | D:1      | Reached XP level 3. HP: 20/27 MP: 3/3
  1110 | D:2      | Reached XP level 4. HP: 22/33 MP: 4/4
  1569 | D:3      | Reached skill level 8 in Stealth
  1781 | D:3      | Reached XP level 5. HP: 11/39 MP: 5/5
  1790 | D:3      | Noticed an orc warrior
  1810 | D:3      | Slain by an orc warrior

Action                   |  1- 3 |  4- 6 || total
-------------------------+-------+-------++-------
Melee: Dagger            |   102 |    53 ||   155
       Hand axe          |    28 |     4 ||    32
 Fire: Blowgun           |     1 |    16 ||    17
 Stab: Sleeping          |     8 |     8 ||    16
  Eat: Corpse            |    10 |     3 ||    13
